 Dungeon Crawl Stone Soup version 0.21-a0-331-gfb491b4 (webtiles) character file.

8 4thArraOfDagon the Charmwright (level 2, 0/19 HPs)
             Began as a Gnoll Wanderer on Oct 2, 2017.
             Slain by a quokka (3 damage)
             ... on level 3 of the Dungeon.
             The game lasted 00:01:18 (294 turns).

4thArraOfDagon the Charmwright (Gnoll Wanderer)      Turns: 294, Time: 00:01:19

Health: 0/19       AC:  2    Str: 13    XL:     2   Next: 8%
Magic:  7/7        EV: 11    Int: 15    God:
Gold:   32         SH:  0    Dex: 14    Spells: 9/10 levels left

rFire    . . .     SeeInvis .   g - +0 spear
rCold    . . .     Gourm    .   (no shield)
rNeg     . . .     Faith    .   d - +0 robe
rPois    .         Spirit   .   (no helmet)
rElec    .         Reflect  .   (no cloak)
rCorr    .         Harm     .   (no gloves)
MR       .....     Rnd*Tele +   (no boots)
Stlth    ++........             (no amulet)
HPRegen  0.06/turn              k - ring of teleportation (curse)
MPRegen  0.10/turn              (no ring)

@: no status effects
A: distributed training, fangs 1, strong nose
a: no special abilities


You were on level 3 of the Dungeon.
You were not hungry.

You visited 1 branch of the dungeon, and saw 3 of its levels.

You collected 32 gold pieces.

Inventory:

Hand Weapons
 e - a +0 dagger
 g - a +0 spear (weapon)
Armour
 d - a +0 robe (worn)
Jewellery
 j - a cursed -2 ring of intelligence {unknown}
 k - a cursed ring of teleportation (left hand)
Scrolls
 i - 2 scrolls of identify {unknown}
Books
 a - a book of Maledictions

   Spells                             Type                      Level
   a - Corona                         Hexes                        1
   b - Ensorcelled Hibernation        Hexes/Ice                    2
   c - Confuse                        Hexes                        3
   d - Tukima's Dance                 Hexes                        3
   e - Dazzling Spray                 Conjuration/Hexes            3
 b - Hunimm's Compendium of the Compass

   Spells                             Type                      Level
   a - Apportation                    Translocation                1
   b - Lesser Beckoning               Translocation                3
Comestibles
 f - a bread ration


   Skills:
 + Level 0.2 Fighting
 + Level 0.2 Short Blades
 + Level 0.2 Long Blades
 + Level 0.2 Axes
 + Level 0.2 Maces & Flails
 + Level 0.2 Polearms
 + Level 0.2 Staves
 + Level 0.2 Slings
 + Level 0.2 Bows
 + Level 0.2 Crossbows
 + Level 0.2 Throwing
 + Level 0.2 Armour
 + Level 0.2 Dodging
 + Level 2.2 Stealth
   Level 0.0 Stabbing
 + Level 2.4 Shields
   Level 0.0 Traps
 + Level 0.2 Unarmed Combat
 + Level 4.9 Spellcasting
 + Level 0.2 Conjurations
 + Level 4.4 Hexes
 + Level 6.4 Charms
 + Level 0.2 Summonings
 + Level 0.2 Necromancy
 + Level 2.4 Translocations
 + Level 0.2 Transmutations
 + Level 0.2 Fire Magic
 + Level 0.2 Ice Magic
 + Level 0.2 Air Magic
 + Level 0.2 Earth Magic
 + Level 0.2 Poison Magic
 + Level 0.2 Invocations
 + Level 0.2 Evocations


You had 9 spell levels left.
You knew the following spells:

 Your Spells              Type           Power        Failure   Level  Hunger
a - Apportation           Tloc           ##....       6%          1    None


Dungeon Overview and Level Annotations

Branches:
Dungeon (3/15)

Altars:


Innate Abilities, Weirdness & Mutations

Your experience applies equally to all skills.
You have very sharp teeth.
Your uncanny sense of smell can sniff out nearby items.


Message History

Aim: a rat (resting)
You reach to attack!
The helpless rat fails to defend itself.
You hit the rat.
You kill the rat!
Unknown command.
Unknown command.
You feel yourself slow down.
You feel sick.
Unknown command.
A quokka comes into view.
Unknown command.
You aren't carrying any potions.
Okay, then.
You hit the quokka but do no damage.
You feel sick.
You are no longer poisoned.
The quokka barely misses you.
Unknown command.
You closely miss the quokka. The quokka bites you.
You die...

∆ # #########...
+...........
#.......#...
#.......#
#.†.....#
#.......#
######.......#
#....@s......#
#..=..r......#
+............#
#.....#....###
.'(....#....#
####.....#.....#
#.(†).#.##...#.#
#.###.#.# ###.#
#.# .#


You could see a quokka and a giant cockroach.

Vanquished Creatures
  2 dart slugs
  A bat (D:2)
  A frilled lizard (D:2)
  A kobold (D:3)
  A rat (D:3)
6 creatures vanquished.

Notes
Turn   | Place    | Note
-------+----------+-------------------------------------------
     0 | D:1      | 4thArraOfDagon the Gnoll Wanderer began the quest for the Orb.
     0 | D:1      | 4thArraOfDagon set off with: a book of Maledictions, Hunimm's Compendium of the Compass, a potion of lignification, a +0 robe, a +0 dagger, a bread ration
     0 | D:1      | Reached XP level 1. HP: 13/13 MP: 6/6
     0 | D:1      | Identified Hunimm's Compendium of the Compass
     2 | D:1      | Learned a level 1 spell: Apportation
   238 | D:3      | Reached XP level 2. HP: 15/19 MP: 7/7
   294 | D:3      | Slain by a quokka

Vault maps used:
D:1:      lightli_arrival_statuegarden

Action                   || total
-------------------------++-------
Melee: Spear             ||    19
       Dagger            ||     6
       Bite              ||     1
  Use: Potion            ||     4
 Stab: Sleeping          ||     4
Armor: Robe              ||     5
       Skin              ||     1
Dodge: Dodged            ||    12

Table legend:
 A = Spawn XP
 B = Non-spawn XP
 C = Spawn XP percentage of total XP
 D = Spawn monster count
 E = Non-spawn monster count
 F = Spawn count percentage of total count
 G = Total turns spent on level
                    A         B        C        D         E        F      G
               +---------+---------+-------+---------+---------+-------+---------
         Total |       0 |      12 |   0.0 |       0 |       6 |   0.0 |   294
               +---------+---------+-------+---------+---------+-------+---------
           D:2 |       0 |       6 |   0.0 |       0 |       3 |   0.0 |   147
           D:3 |       0 |       6 |   0.0 |       0 |       3 |   0.0 |    86
               +---------+---------+-------+---------+---------+-------+---------
